 Dungeon Crawl Stone Soup version 0.31.0-32-g396128a36d (webtiles) character file.

Game seed: 3766229006559032747

94 Doomgape the Shield-Bearer (level 4, -4/29 HPs)
             Began as a Gargoyle Fighter on Mar 21, 2024.
             Slain by a river rat (6 damage)
             ... in a sewer.
             The game lasted 00:04:26 (1334 turns).

Doomgape the Shield-Bearer (Gargoyle Fighter)       Turns: 1334, Time: 00:04:26

Health: -4/29      AC: 10    Str: 21    XL:     4   Next: 63%
Magic:  4/4        EV:  9    Int:  9    God:
Gold:   114        SH:  4    Dex:  9    Spells: 3/3 levels left

rFire   . . .        a - +0 flail (protect)
rCold   . . .        c - +0 buckler
rNeg    + . .        b - +0 scale mail
rPois   ∞            (no helmet)
rElec   +            (no cloak)
rCorr   .            (no gloves)
SInv    .            (no boots)
Will    .....        (no amulet) Stlth
                     (no ring)
HPRegen 0.24/turn    (no ring)
MPRegen 0.09/turn

%: no passive effects
@: very slow
A: sickness immunity, AC +3, negative energy resistance 1, electricity
resistance, torment resistance 1, petrification resistance
a: no special abilities


You were in a sewer.
You visited 1 branch of the dungeon, and saw 3 of its levels.
You also visited: Sewer.

You collected 114 gold pieces.

Inventory:

Hand Weapons
 a - a +0 flail of protection (weapon)
Armour
 b - a +0 scale mail (worn)
 c - a +0 buckler (worn)
Jewellery
 f - a ring of willpower
Scrolls
 j - 2 scrolls of identify
Potions
 d - 2 potions of might
 e - 3 potions of mutation
 g - a potion of degeneration {unknown}
 h - 2 potions of curing {unknown}
 i - 2 potions of lignification {unknown}


   Skills:
 + Level 4.0 Fighting
 + Level 2.9 Maces & Flails
 + Level 4.0 Armour
 - Level 4.0 Shields


You had 3 spell levels left.
You didn't know any spells.
Your spell library contained the following spells:

 Spells                   Type           Power      Damage    Failure   Level
 Call Imp                 Summ           0%         N/A       89%         2
 Ensorcelled Hibernation  Hex/Ice        0%         N/A       89%         2
 Jinxbite                 Hex            0%         N/A       89%         2
 Fugue of the Fallen      Necr           0%         N/A       98%         3
 Anguish                  Hex/Necr       0%         N/A       100%        4
 Yara's Violent Unravell  Hex/Alch       0%         3d3       100%        5
 Enfeeble                 Hex            0%         N/A       100%        7
 Summon Hydra             Summ           0%         N/A       100%        7
 Sublimation of Blood     Necr           Unusable   N/A       N/A         2

Dungeon Overview and Level Annotations

Branches:
Dungeon (3/15)              Sewer (1/1)

Altars:


Innate Abilities, Weirdness & Mutations

You are immune to sickness and miasma.
Your stone body is resilient. (AC +3)
You are immune to poison.
You resist negative energy. (rN+)
You are resistant to electric shocks. (rElec)
You are resistant to unholy torment.
You are immune to petrification.


Message History

2 river rats come into view.
The river rat squeaks loudly.
The river rat barely misses you. The river rat closely misses you.
Your unstable footing causes you to fumble your attack.
The river rat barely misses you. You block the river rat's attack.
The river rat barely misses you. You block the river rat's attack.
You barely miss the river rat. The river rat bites you!
The river rat bites you. You block the river rat's attack.
You hit the river rat.
Your weapon exudes an aura of protection.
The river rat is lightly wounded.
The river rat closely misses you. The river rat bites you.
The river rat barely misses you. The river rat bites you.
The river rat bites you but does no damage. x2
You are too injured to fight recklessly!
You are too injured to fight recklessly!
You are too injured to fight recklessly!
Unknown command.
Your unstable footing causes you to fumble your attack.
The river rat bites you but does no damage. x2
The river rat barely misses you.
Unknown command.
Your unstable footing causes you to fumble your attack.
The river rat bites you. You block the river rat's attack.
The river rat barely misses you.
Unknown command.
Your unstable footing causes you to fumble your attack.
The river rat closely misses you. The river rat bites you.
* * * LOW HITPOINT WARNING * * *
You block the river rat's attack.
Unknown command.
Your unstable footing causes you to fumble your attack.
The river rat bites you but does no damage.
The river rat bites you.
* * * LOW HITPOINT WARNING * * *
The river rat closely misses you. The river rat bites you.
* * * LOW HITPOINT WARNING * * *
The river rat bites you.
You die...

#~# #~# #.# #.# #.#
#######.################
...~~~rrr~~~.~...~..~...
..~~~~~@~~~~.~....†...~.
########################


You could see 3 river rats.

Vanquished Creatures
  3 adders (D:2)
  A river rat (D:3)
  2 dart slugs (D:1)
  A ribbon worm (D:2)
  4 ball pythons
  3 bats
  4 endoplasms
  2 giant cockroaches
  6 goblins (D:1)
  5 hobgoblins
  4 jackals (D:2)
  3 quokkas
  3 frilled lizards
  4 kobolds
  2 rats (D:3)
47 creatures vanquished.

Notes
Turn   | Place    | Note
-------+----------+-------------------------------------------
     0 | D:1      | Doomgape the Gargoyle Fighter began the quest for the Orb.
     0 | D:1      | Reached XP level 1. HP: 14/14 MP: 1/1
    84 | D:1      | Reached XP level 2. HP: 18/19 MP: 2/2
   389 | D:1      | Reached XP level 3. HP: 23/23 MP: 3/3
   996 | D:2      | Reached XP level 4. HP: 29/29 MP: 4/4
  1300 | D:3      | Found a glowing drain.
  1309 | Sewer    | Entered a sewer
  1334 | Sewer    | Slain by a river rat

Illustrated notes

Levels and vault maps discovered:
D:1:      zaba_arrival_water, layout_loops_cross
D:2:      layout_basic
D:3:      layout_basic, trog_three_pillars_becter, amcnicky_altar_gilded,
          mainiacjoe_overflow_alcove_1, mainiacjoe_overflow_24_doors,
          minitemple, portal_sewer_entry_b, uniq_natasha
Sewer:    sewer_co_cracked_pipes

Skill      XL: |  1  2  3  4 |
---------------+-------------+-----
Fighting       | 4 |  4.0
Shields        | 4 |  4.0
Armour         | 4 |  4.0
Maces & Flails | |  2.9

Action                     |  1- 3 |  4- 6 || total
---------------------------+-------+-------++-------
  Melee: Flail             |   120 |    42 ||   162
    Use: Scroll            |     2 |     2 ||     4
 Armour: Scale mail        |    88 |    30 ||   118
  Dodge: Dodged            |    82 |    25 ||   107
  Block: Buckler           |    32 |    11 ||    43
